 Dungeon Crawl Stone Soup version 0.30-a0-722-g3e6e8c874d (webtiles) character file.

Game seed: 400983665710946903

576 Valagong the Chopper (level 7, 64/64 HPs)
             Began as a Minotaur Fighter on Jan 27, 2023.
             Quit the game on level 4 of the Dungeon.
             The game lasted 00:02:10 (1998 turns).

Valagong the Chopper (Minotaur Fighter)             Turns: 1998, Time: 00:02:11

Health: 64/64      AC: 10    Str: 22    XL:     7   Next: 13%
Magic:  6/6        EV:  9    Int:  5    God:
Gold:   198        SH:  4    Dex: 10    Spells: 6/6 levels left

rFire   . . .      SeeInvis .    a - +0 war axe
rCold   . . .      Faith    .    c - +0 buckler
rNeg    . . .      Spirit   .    b - +0 scale mail
rPois   .          Reflect  .    (helmet restricted)
rElec   .          Harm     .    f - +2 cloak
rCorr   .          Rampage  .    (no gloves)
Will    .....                    (no boots) Stlth
                                 (no amulet)
HPRegen 0.30/turn                (no ring)
MPRegen 0.10/turn                (no ring)

@: no status effects
A: horns 2, retaliatory headbutt
a: no special abilities


You were on level 4 of the Dungeon.
You visited 1 branch of the dungeon, and saw 4 of its levels.

You collected 198 gold pieces.

Inventory:

Hand Weapons
 a - a +0 war axe (weapon)
Missiles
 e - 4 curare-tipped darts
 j - 6 poisoned darts (quivered)
Armour
 b - a +0 scale mail (worn)
 c - a +0 buckler (worn)
 d - a +0 pair of boots of stealth
 f - a +2 cloak (worn)
 p - a +0 cloak
Jewellery
 k - a ring of fire
Wands
 q - a wand of flame (15)
Scrolls
 i - a scroll of magic mapping {unknown}
 n - a scroll of enchant weapon {unknown}
 o - a scroll of teleportation {unknown}
 t - a scroll of noise {unknown}
Potions
 h - a potion of haste
 l - a potion of magic {unknown}
 m - a potion of might
 r - a potion of mutation
 s - 3 potions of brilliance


   Skills:
 + Level 6.4 Fighting
 * Level 7.9 Axes
 - Level 3.6 Armour
 - Level 3.6 Shields


You had 6 spell levels left.
You didn't know any spells.
Your spell library was empty.

Dungeon Overview and Level Annotations

Branches:
Dungeon (4/15)
 Temple: D:4-7

Altars:
Dithmenos
Hepliaklqana
Uskayaw
Vehumet
Xom

Shops:
D:1 (


Innate Abilities, Weirdness & Mutations

You have a pair of horns on your head.
You reflexively headbutt those who attack you in melee.


Message History

You hit the ogre. You headbutt the ogre.
The ogre is almost dead.
The ogre barely misses you.
You hit the ogre.
You kill the ogre!
You have reached level 7!
Items here: )))) ††.
Found 5 stones.
You now have 188 gold pieces (gained 9).
Found a robe.
An adder comes into view.
The adder hisses angrily.
An adder is nearby!
An adder is nearby!
An adder is nearby!
Found a long sword.
You closely miss the adder. The adder closely misses you.
The adder bites you but does no damage.
You closely miss the adder. You block the adder's attack.
You slash the adder!
You kill the adder!
No target in view!
No target in view!
No target in view!
No target in view!
No target in view!
No target in view!
No target in view!
No target in view!
As you read the scroll labelled OQYFEGOQAE, it crumbles to dust.
It is a scroll of enchant armour.
Your +1 cloak glows green for a moment.
This is a scroll of acquirement!
Something appears at your feet!
d - a +0 pair of boots of stealth You now have 198 gold pieces (gained 10).
A goblin comes into view. It is wielding a +0 club.
A goblin is nearby!
Unknown command.
Are you sure you want to abandon this character and quit the game? (Confirm with "yes".)

##(..####.#
###.....###.#####.#
.............[.....#
.........##...#####
....##...##)#.#.########
###. #.####.............
# #. #.#.#.######## #.
#....## #.#@## #....g..#
#.#####.# # #


You could see a goblin.

Vanquished Creatures
  An ogre (D:4)
  4 wights (D:4)
  Crazy Yiuf (D:3)
  An orc priest (D:4)
  2 gnoll boudas (D:4)
  4 adders
  8 gnolls (D:4)
  A dart slug (D:3)
  2 orcs (D:4)
  4 bats
  7 endoplasms
  4 giant cockroaches
  5 goblins
  4 hobgoblins
  A quokka (D:4)
  7 ball pythons
  4 frilled lizards
  9 kobolds
  3 rats
72 creatures vanquished.

Notes
Turn   | Place    | Note
-------+----------+-------------------------------------------
     0 | D:1      | Valagong the Minotaur Fighter began the quest for the Orb.
     0 | D:1      | Reached XP level 1. HP: 19/19 MP: 0/0
   123 | D:1      | Found Erphust's Weapon Shoppe.
   137 | D:1      | Reached skill level 3 in Axes
   140 | D:1      | Reached XP level 2. HP: 26/27 MP: 1/1
   612 | D:2      | Reached XP level 3. HP: 23/32 MP: 2/2
   614 | D:2      | Reached skill level 4 in Axes
   738 | D:3      | Found a radiant altar of Vehumet.
   773 | D:3      | Found a shimmering altar of Xom.
   820 | D:3      | Found a runed translucent door.
   821 | D:3      | Noticed Crazy Yiuf
   881 | D:3      | Killed Crazy Yiuf
   882 | D:3      | Reached XP level 4. HP: 10/41 MP: 3/3
  1157 | D:3      | Reached skill level 5 in Axes
  1204 | D:3      | Found a hazy altar of Hepliaklqana.
  1204 | D:3      | Found a faded altar of an unknown god.
  1212 | D:3      | Found a shadowy altar of Dithmenos.
  1214 | D:3      | Found a faded altar of an unknown god.
  1216 | D:3      | Found a hide-covered altar of Uskayaw.
  1382 | D:4      | Reached XP level 5. HP: 14/47 MP: 4/4
  1515 | D:4      | Reached skill level 5 in Fighting
  1519 | D:4      | Reached skill level 6 in Axes
  1520 | D:4      | Reached XP level 6. HP: 28/56 MP: 5/5
  1720 | D:4      | Reached skill level 7 in Axes
  1876 | D:4      | Reached XP level 7. HP: 39/64 MP: 6/6
  1987 | D:4      | Identified a scroll of acquirement
  1987 | D:4      | Acquired a +0 pair of boots of stealth
  1998 | D:4      | Quit the game

Illustrated notes

Levels and vault maps discovered:
D:1:      sevenhm_arrival_forest_fort_large_1, layout_basic, serial_shops,
          nicolae_shop_temple_entry_statues_fountains, roderic_cross_of_infinity
D:2:      layout_basic
D:3:      layout_basic, chequers_temple_overflow_minitemple,
          jmf_multi_god_temple, serial_glass, glass_columns_a, glass_columns_a,
          uniq_crazy_yiuf_cottage, uniq_natasha
D:4:      layout_loops_ring, nicolae_underground_beach, uniq_pikel

Skill      XL: |  1  2  3  4  5  6 |
---------------+-------------------+-----
Axes           | 3 4 5 6 7 |  7.9
Fighting       | 4 5 6 |  6.4
Armour         | |  3.6
Shields        | |  3.6

Action                     |  1- 3 |  4- 6 |  7- 9 || total
---------------------------+-------+-------+-------++-------
  Melee: War axe           |    64 |    87 |     3 ||   154
         Headbutt          |     7 |     8 |       ||    15
    Use: Scroll            |       |     3 |     2 ||     5
         Potion            |       |     3 |       ||     3
 Armour: Scale mail        |    34 |    33 |     1 ||    68
  Dodge: Dodged            |    25 |    45 |     1 ||    71
  Block: Buckler           |    10 |    18 |     1 ||    29

Table legend: (Time is in decaauts)
 A = Elapsed time spent in this place.
 B = Non-inter-level travel time spent in this place.
 C = Inter-level travel time spent in this place.
 D = Time resting spent in this place.
 E = Time spent auto-exploring this place.
 F = Levels seen in this place.
 G = Mean time per level.
                   A        B        C        D        E       F      G
               +--------+--------+--------+--------+--------+-----+--------+
         Total |   2042 |   1946 |     96 |    237 |   1300 |   4 |  510.5 |
       Dungeon |   2042 |   1946 |     96 |    237 |   1300 |   4 |  510.5 |
               +--------+--------+--------+--------+--------+-----+--------+

Top non-repeatable levels by time:
     D:3: 801 daAuts
     D:4: 506 daAuts
     D:1: 392 daAuts
     D:2: 343 daAuts
